 Dungeon Crawl Stone Soup version 0.31-a0-1009-g454b1f1e0a (webtiles) character file.

Game seed: 13961062750553155055

2276 BigAl98 the Magician (level 9, -8/62 (65) HPs)
             Began as a Gnoll Earth Elementalist on Nov 14, 2023.
             Mangled by a +4 halberd "Caona" {spect, rCorr Str+4} (15 damage)
             ... created by a wight
             ... on level 7 of the Dungeon.
             The game lasted 00:09:31 (5302 turns).

BigAl98 the Magician (Gnoll Earth Elementalist)     Turns: 5302, Time: 00:09:32

HP:   -8/62 (65)    AC:  8    Str:  8    XL:     9   Next: 39%
MP:   1/19          EV: 14    Int: 19    God:
Gold: 337           SH:  0    Dex: 12    Spells: 17/21 levels left

rFire   . . .        H - +3 morningstar (venom)
rCold   . . .        (no shield)
rNeg    . . .        a - +0 robe
rPois   +            s - +0 helmet
rElec   .            (no cloak)
rCorr   .            u - +0 pair of gloves
SInv    .            (no boots)
Will    .....        e - amulet of magic regeneration
Stlth   +++          m - ring of poison resistance
HPRegen 0.30/turn    v - +4 ring of protection
MPRegen 0.56/turn

%: no passive effects
@: lightly drained
A: fangs 1, strong nose, distributed training
a: no special abilities


You were on level 7 of the Dungeon.
You visited 1 branch of the dungeon, and saw 7 of its levels.

You collected 337 gold pieces.

Inventory:

Hand Weapons
 H - a +3 morningstar of venom (weapon)
Missiles
 n - 2 datura-tipped darts
 y - a throwing net
Armour
 a - a +0 robe (worn)
 s - a +0 helmet (worn)
 u - a +0 pair of gloves (worn)
Jewellery
 e - an amulet of magic regeneration (around neck)
 l - a ring of ice
 m - a ring of poison resistance (left hand)
 v - a +4 ring of protection (right hand)
Wands
 t - a wand of paralysis (7)
 z - a wand of polymorph (9)
Scrolls
 i - a scroll of enchant weapon {unknown}
 j - 2 scrolls of silence {unknown}
 k - 4 scrolls of teleportation {unknown}
 o - 5 scrolls of identify {unknown}
 p - a scroll of immolation {unknown}
 q - 3 scrolls of fear {unknown}
 w - a scroll of poison {unknown}
 A - a scroll of amnesia {unknown}
 C - a scroll of vulnerability {unknown}
 D - a scroll of enchant armour {unknown}
 F - a scroll of summoning {unknown}
Potions
 b - 2 potions of magic
 c - 2 potions of curing {unknown}
 f - 2 potions of resistance {unknown}
 g - 2 potions of brilliance {unknown}
 h - 2 potions of attraction {unknown}
 r - 2 potions of mutation {unknown}
 x - a potion of heal wounds {unknown}
 B - a potion of might {unknown}
 E - a potion of invisibility {unknown}
 G - a potion of haste {unknown}


   Skills:
 + Level 4.2 Fighting
 + Level 4.2 Short Blades
 + Level 4.2 Long Blades
 + Level 4.2 Axes
 + Level 4.2 Maces & Flails
 + Level 4.2 Polearms
 + Level 4.2 Staves
 + Level 4.2 Ranged Weapons
 + Level 4.2 Throwing
 + Level 4.2 Armour
 + Level 6.3 Dodging
 + Level 6.0 Stealth
 + Level 4.2 Shields
 + Level 4.2 Unarmed Combat
 + Level 6.6 Spellcasting
 + Level 3.5 Conjurations
 + Level 3.5 Hexes
 + Level 3.5 Summonings
 + Level 3.5 Necromancy
 + Level 3.5 Translocations
 + Level 4.2 Transmutations
 + Level 3.5 Fire Magic
 + Level 3.5 Ice Magic
 + Level 3.5 Air Magic
 + Level 6.5 Earth Magic
 + Level 3.5 Poison Magic
 + Level 4.7 Invocations
 + Level 4.2 Evocations
 + Level 3.9 Shapeshifting


You had 17 spell levels left.
You knew the following spells:

 Your Spells              Type           Power      Damage    Failure   Level
a - Sandblast             Erth           62%        2d14      1%          1
b - Stone Arrow           Conj/Erth      50%        3d10      4%          3

Your spell library contained the following spells:

 Spells                   Type           Power      Damage    Failure   Level
 Passwall                 Tmut/Erth      21%        N/A       1%          2
 Wereblood                Tmut           22%        N/A       2%          2
 Petrify                  Tmut/Erth      26%        N/A       12%         4
 Brom's Barrelling Bould  Conj/Erth      25%        2d5       13%         4
 Irradiate                Conj/Tmut      10%        3d15      52%         5


Dungeon Overview and Level Annotations

Branches:
Dungeon (7/15)
 Temple: D:4-7

Altars:
Gozag
Qazlal
Ru

Shops:
D:3 *

Annotations:
D:7 1 runed translucent door


Innate Abilities, Weirdness & Mutations

You have very sharp teeth.
Your uncanny sense of smell can sniff out nearby items.
Your experience applies equally to all skills.


Message History

Your life force feels restored.
A +4 halberd "Caona" {spect, rCorr Str+4} comes into view.
Aiming: Stone Arrow (dangerous; 4% risk of failure)
Press: ? - help, Q - select action, (/) - cycle Shift-Dir - straight line, f - +4 halberd "Caona" {spect, rCorr Str+4}
Aim: a +4 halberd "Caona" {spect, rCorr Str+4} (durably summoned, 53% to hit)
Okay, then.
Aiming: Stone Arrow (dangerous; 4% risk of failure)
Press: ? - help, Q - select action, (/) - cycle Shift-Dir - straight line, f - hound
Aim: a hound (60% to hit)
The stone arrow misses the hound.
The hound misses you.
The wight hits you from afar with the +4 halberd "Caona" {spect, rCorr Str+4}.
You feel drained.
The +4 halberd "Caona" {spect, rCorr Str+4} misses you.
The hound closely misses you.
Aiming: Sandblast (safe; 1% risk of failure)
Press: ? - help, Q - select action, (/) - cycle Shift-Dir - straight line, f/p - hound
Aim: a hound (78% to hit)
The blast of sand hits the hound!
The hound is heavily wounded.
The hound closely misses you.
The wight hits you from afar with the +4 halberd "Caona" {spect, rCorr Str+4}.
The +4 halberd "Caona" {spect, rCorr Str+4} hits you from afar!
The hound bites you but does no damage.
You don't have enough magic to cast this spell.
You don't have enough magic to cast this spell.
Unknown command.
You don't have enough magic to cast this spell.
You barely miss the hound. You punch the hound.
The hound is severely wounded.
The hound misses you. The wight barely misses you.
The +4 halberd "Caona" {spect, rCorr Str+4} hits you from afar!
* * * LOW HITPOINT WARNING * * *
The hound misses you.
The wight hits you from afar with the +4 halberd "Caona" {spect, rCorr Str+4}.
* * * LOW HITPOINT WARNING * * *
You feel drained.
* * * LOW HITPOINT WARNING * * *
The +4 halberd "Caona" {spect, rCorr Str+4} hits you from afar!
You die...

.........
...........#.....#.# .#
............(..#.... #..
.............>..... ..##
..............#...##...#
..................#.....
..........#......().....
........# ##.....)z.#
#.......###.....@h#
..##..#.........###
..##..#.....##..#.##
...........##......#
.................#.#
...................#
..................##
..........#.(...###
....#..#.##......#


You could see a +4 halberd "Caona" {spect, rCorr Str+4}, a hound and a wight.

Vanquished Creatures
  A steam dragon (D:6)
  A water moccasin (D:6)
  A sky beast (D:6)
  2 ice beasts (D:6)
  A black bear (D:5)
  An ogre (D:4)
  2 phantoms
  3 scorpions
  12 wights
  A jelly (D:7)
  4 hounds
  A gnoll bouda (D:4)
  2 iguanas
  7 orc wizards
  8 gnolls
  3 adders
  A shadow imp (D:5)
  A white imp (D:5)
  4 ufetubi
  2 worms
  3 dart slugs
  18 orcs
  5 endoplasms
  4 giant cockroaches
  3 goblins
  6 hobgoblins
  4 jackals (D:1)
  9 quokkas
  7 ball pythons
  6 bats
  4 frilled lizards
  10 kobolds
  7 rats
144 creatures vanquished.

Notes
Turn   | Place    | Note
-------+----------+-------------------------------------------
     0 | D:1      | BigAl98 the Gnoll Earth Elementalist began the quest for
                  | the Orb.
     0 | D:1      | Reached XP level 1. HP: 13/13 MP: 6/6
   172 | D:1      | Reached XP level 2. HP: 19/19 MP: 5/7
   445 | D:1      | Reached skill level 5 in Spellcasting
   445 | D:1      | Reached XP level 3. HP: 25/25 MP: 6/9
   907 | D:2      | Reached skill level 1 in Invocations
   969 | D:2      | Reached skill level 1 in Fighting
   969 | D:2      | Reached skill level 1 in Short Blades
   969 | D:2      | Reached skill level 1 in Long Blades
   969 | D:2      | Reached skill level 1 in Axes
   969 | D:2      | Reached skill level 1 in Maces & Flails
   969 | D:2      | Reached skill level 1 in Polearms
   969 | D:2      | Reached skill level 1 in Staves
   969 | D:2      | Reached skill level 1 in Ranged Weapons
   969 | D:2      | Reached skill level 1 in Throwing
   969 | D:2      | Reached skill level 1 in Armour
   969 | D:2      | Reached skill level 1 in Shields
   969 | D:2      | Reached skill level 1 in Unarmed Combat
   969 | D:2      | Reached skill level 1 in Evocations
  1227 | D:2      | Reached XP level 4. HP: 32/32 MP: 9/11
  1233 | D:2      | Reached skill level 1 in Shapeshifting
  1512 | D:2      | Learned a level 3 spell: Stone Arrow
  1524 | D:3      | Reached skill level 1 in Conjurations
  1524 | D:3      | Reached skill level 1 in Hexes
  1524 | D:3      | Reached skill level 1 in Summonings
  1524 | D:3      | Reached skill level 1 in Necromancy
  1524 | D:3      | Reached skill level 1 in Translocations
  1524 | D:3      | Reached skill level 1 in Fire Magic
  1524 | D:3      | Reached skill level 1 in Ice Magic
  1524 | D:3      | Reached skill level 1 in Air Magic
  1524 | D:3      | Reached skill level 1 in Poison Magic
  1615 | D:3      | Found Geinoedghu's General Store.
  1713 | D:3      | Reached XP level 5. HP: 37/37 MP: 10/12
  2183 | D:4      | Noticed a phantom
  2193 | D:4      | Killed a phantom
  2242 | D:4      | Noticed an ogre
  2247 | D:4      | Killed an ogre
  2248 | D:4      | Reached skill level 5 in Dodging
  2248 | D:4      | Reached XP level 6. HP: 44/44 MP: 12/14
  2742 | D:5      | Entered Level 5 of the Dungeon
  2754 | D:5      | Reached XP level 7. HP: 43/50 MP: 13/15
  3005 | D:5      | Reached skill level 5 in Stealth
  3291 | D:5      | Found a sacrificial altar of Ru.
  3555 | D:6      | Found an opulent altar of Gozag.
  3759 | D:6      | Found a stormy altar of Qazlal.
  4146 | D:6      | Reached XP level 8. HP: 57/57 MP: 14/16
  4767 | D:7      | Found a runed translucent door.
  4767 | D:7      | Noticed a sixfirhy
  4809 | D:6      | Reached XP level 9. HP: 35/64 MP: 6/18
  5291 | D:7      | Identified the +4 halberd "Caona" {spect, rCorr Str+4}
  5302 | D:7      | Mangled by a +4 halberd "Caona" {spect, rCorr Str+4}

Illustrated notes

Levels and vault maps discovered:
D:1:      psy_arrival_radial01, layout_rooms, kennysheep_doodads
D:2:      layout_loops_ring
D:3:      layout_basic, serial_shops, shop
D:4:      layout_gridville, reono_crystal_passage
D:5:      layout_loops_ring, nicolae_ru_path_of_blood
D:6:      layout_basic, lemuel_tele_altar, overflow_temple_1_default
D:7:      cheibrodos_shockbox, layout_cave_pools, elyvilon_altar_5,
          minmay_temple_entry_grid, uniq_pikel

Skill      XL: |  1  2  3  4  5  6  7  8  9 |
---------------+----------------------------+-----
Transmutations | 2 3 4 |  4.2
Spellcasting   | 5 6 |  6.6
Invocations    | 1 2 3 4 |  4.7
Fighting       | 1 2 3 4 |  4.2
Short Blades   | 1 2 3 4 |  4.2
Long Blades    | 1 2 3 4 |  4.2
Axes           | 1 2 3 4 |  4.2
Maces & Flails | 1 2 3 4 |  4.2
Polearms       | 1 2 3 4 |  4.2
Staves         | 1 2 3 4 |  4.2
Ranged Weapons | 1 2 3 4 |  4.2
Throwing       | 1 2 3 4 |  4.2
Armour         | 1 2 3 4 |  4.2
Shields        | 1 2 3 4 |  4.2
Unarmed Combat | 1 2 3 4 |  4.2
Evocations     | 1 2 3 4 |  4.2
Shapeshifting  | 1 2 3 |  3.9
Conjurations   | 1 2 3 |  3.5
Hexes          | 1 2 3 |  3.5
Summonings     | 1 2 3 |  3.5
Necromancy     | 1 2 3 |  3.5
Translocations | 1 2 3 |  3.5
Fire Magic     | 1 2 3 |  3.5
Ice Magic      | 1 2 3 |  3.5
Air Magic      | 1 2 3 |  3.5
Poison Magic   | 1 2 3 |  3.5
Dodging        | 5 6 |  6.3
Stealth        | 5 6 |  6.0
Earth Magic    | 6 |  6.5

Action                     |  1- 3 |  4- 6 |  7- 9 || total
---------------------------+-------+-------+-------++-------
  Melee: Unarmed           |     9 |       |       ||     9
         Bite              |     3 |       |       ||     3
         Dagger            |     1 |       |     7 ||     8
         Whip              |       |       |     1 ||     1
         Morningstar       |       |       |     3 ||     3
         Punch             |       |       |     2 ||     2
   Cast: Sandblast         |    55 |    88 |   110 ||   253
         Stone Arrow       |       |       |    36 ||    36
 Armour: Robe              |    19 |    20 |    99 ||   138
  Dodge: Dodged            |    25 |    30 |    78 ||   133

Table legend: (Time is in decaauts)
 A = Elapsed time spent in this place.
 B = Non-inter-level travel time spent in this place.
 C = Inter-level travel time spent in this place.
 D = Time resting spent in this place.
 E = Time spent auto-exploring this place.
 F = Levels seen in this place.
 G = Mean time per level.
                   A        B        C        D        E       F      G
               +--------+--------+--------+--------+--------+-----+--------+
         Total |   5426 |   5162 |    264 |      0 |   4207 |   7 |  775.1 |
       Dungeon |   5426 |   5162 |    264 |      0 |   4207 |   7 |  775.1 |
               +--------+--------+--------+--------+--------+-----+--------+

Top non-repeatable levels by time:
     D:6: 1317 daAuts
     D:1: 868 daAuts
     D:5: 805 daAuts
     D:2: 678 daAuts
     D:4: 648 daAuts
     D:3: 613 daAuts
     D:7: 495 daAuts
